 Dungeon Crawl Stone Soup version 0.18.1-50-g88ac8fd (webtiles) character file.

3920 theElss the Thaumaturge (level 10, -18/66 HPs)
             Began as a High Elf Conjurer on Sept 27, 2016.
             Was a Priest of Vehumet.
             Demolished by Gastronok (28 damage)
             ... on level 9 of the Dungeon.
             The game lasted 00:36:59 (11401 turns).

theElss the Thaumaturge (High Elf Conjurer)        Turns: 11401, Time: 00:36:59

Health: -18/66     AC:  9    Str:  7    XL:     10   Next: 1%
Magic:  11/24      EV: 16    Int: 21    God:    Vehumet [***...]
Gold:   576        SH:  5    Dex: 18    Spells: 5 memorised, 14 levels left

rFire  . . .     SeeInvis .     m - +1 mace (protect)
rCold  . . .     Gourm    +     a - +0 robe
rNeg   . . .     Faith    .     u - +0 buckler
rPois  .         Spirit   .     (no helmet)
rElec  .         Dismiss  .     D - +0 cloak
rCorr  .         Reflect  .     s - +0 pair of gloves
SustAt .         Harm     .     (no boots)
MR     +....                    w - amulet of the gourmand
Stlth  ++........               (no ring)
                                (no ring)

@: slowed, very slow, somewhat resistant to hostile enchantments, unstealthy
A: no striking features
a: Renounce Religion


You were on level 9 of the Dungeon.
You worshipped Vehumet.
Vehumet was most pleased with you.
You were completely stuffed.

You visited 2 branches of the dungeon, and saw 10 of its levels.

You collected 576 gold pieces.

Inventory:

Hand Weapons
 d - a +0 short sword
 e - a +0 club
 m - a +1 mace of protection (weapon)
Armour
 a - a +0 robe (worn)
 s - a +0 pair of gloves (worn)
 u - a +0 buckler (worn)
 D - a +0 cloak (worn)
Jewellery
 w - an amulet of the gourmand (around neck)
 H - a cursed ring of loudness {unknown}
 K - the amulet of the Air {Inacc +Fly rElec EV+5 RMsl}
   (You found it on level 8 of the Dungeon)

   [amulet of inaccuracy]

   It reduces the accuracy of all your attacks.
   It affects your evasion (+5).
   It insulates you from electricity.
   It lets you fly.
   It protects you from missiles.
 M - an uncursed amulet of regeneration {unknown}
Wands
 i - a wand of flame (27/48)
Scrolls
 j - 2 scrolls of remove curse {unknown}
 n - 2 scrolls of amnesia
 o - 3 scrolls of enchant weapon
 p - 4 scrolls of enchant armour
 r - 4 scrolls of magic mapping
 v - a scroll of blinking {unknown}
 y - a scroll of fear {unknown}
 C - 3 scrolls of teleportation {unknown}
 G - 3 scrolls of random uselessness {unknown}
 I - a scroll of noise {unknown}
 L - 2 scrolls of identify
 N - 2 scrolls of recharging {unknown}
Potions
 f - a potion of brilliance
 g - 5 potions of agility
 q - 4 potions of curing
 B - 3 potions of lignification
 E - 2 potions of magic
 F - a potion of flight
 J - 2 potions of cancellation
Books
 b - a book of Conjurations

   Spells                             Type                      Level
   a - Magic Dart                     Conjuration                  1
   b - Searing Ray                    Conjuration                  2
   c - Dazzling Spray                 Conjuration/Hexes            3
   d - Fulminant Prism                Conjuration/Hexes            4
   e - Iskenderun's Mystic Blast      Conjuration                  4
   f - Iskenderun's Battlesphere      Conjuration/Charms           5
 t - a book of Enchantments

   Spells                             Type                      Level
   a - Cause Fear                     Hexes                        4
   b - Yara's Violent Unravelling     Hexes/Transmutation          5
   c - Silence                        Hexes/Air                    5
   d - Deflect Missiles               Charms/Air                   6
   e - Haste                          Charms                       6
   f - Discord                        Hexes                        8
 x - Sif Muna's Collected Works on Talismans
   (You found it on level 4 of the Dungeon)

   Spells                             Type                      Level
   a - Infusion                       Charms                       1
 A - a book of Power

   Spells                             Type                      Level
   a - Fulminant Prism                Conjuration/Hexes            4
   b - Iskenderun's Mystic Blast      Conjuration                  4
   c - Venom Bolt                     Conjuration/Poison           5
   d - Bolt of Magma                  Conjuration/Fire/Earth       5
   e - Iron Shot                      Conjuration/Earth            6
   f - Orb of Destruction             Conjuration                  7
   g - Spellforged Servitor           Conjuration/Summoning        7
Comestibles
 c - 14 bread rations
 h - 10 slices of pizza
 k - 4 beef jerkies
 l - 6 meat rations
 z - 4 fruits
 O - 4 chunks of flesh


   Skills:
 + Level 5.5 Fighting
 + Level 5.4 Dodging
 - Level 2.1 Stealth
 - Level 4.1 Shields
 + Level 9.7 Spellcasting
 + Level 9.1 Conjurations
 * Level 1.7 Fire Magic


You had 14 spell levels left.
You knew the following spells:

 Your Spells              Type           Power        Failure   Level  Hunger
a - Magic Dart            Conj           ####         1%          1    None
b - Iskenderun's Battles  Conj/Chrm      ####....     8%          5    ####...
c - Searing Ray           Conj           #####.       1%          2    None
d - Iskenderun's Mystic   Conj           #####...     1%          4    ##.....
e - Throw Flame           Conj/Fire      ####..       1%          2    None


Dungeon Overview and Level Annotations

Branches:
Dungeon (9/15)             Temple (1/1) D:4
   Lair: D:8-11         Orc: D:9-12

Altars:
Ashenzari
Cheibriados
Dithmenos
Elyvilon
Fedhas
Gozag
Kikubaaqudgha
Makhleb
Nemelex Xobeh
Okawaru
Pakellas
Qazlal
Ru
Sif Muna
Trog
Vehumet
Xom
Yredelemnul
Zin
The Shining One

Shops:
D:8 (

Annotations:
D:4 atarun's ghost, amateur MiFi
D:5 Sigmund
D:6 exclusion: door
D:9 Gastronok; maniek23's ghost, novice SpAs


Message History

The orb of energy hits Gastronok.
Gastronok is heavily wounded.
The orb of energy explodes!
You hear an angry hiss.
Gastronok bites you!!
* * * LOW HITPOINT WARNING * * *
Unknown command.
Drink which item? (? for menu, Esc to quit)
Okay, then.
Casting: Iskenderun's Mystic Blast
Confirm with . or Enter, or press ? or * to list all spells.
Aiming: Iskenderun's Mystic Blast
Press: ? - help, Shift-Dir - straight line, f/p - Gastronok
Aim: Gastronok, wearing the +3 hat of Pondering {ponderous, MR+ MP+10 Int+5} (heavily wounded, covering ground quickly)
The orb of energy hits Gastronok.
Gastronok is heavily wounded.
The orb of energy explodes!
You hear an angry hiss.
Gastronok bites you!!
You die...

#. ###.# #.###
#.. #...# ####
#...########...
#...#........##
#...#.#########
###### #.....# #
.#.....###...###
# ......w@.....#
# #..#######...#
# ≈..#...# #
...≈..#...#
≈._.≈...#%.#
≈...≈..# ..#
.≈≈≈..# .##
###### ##


You could see Gastronok.

Vanquished Creatures
  The ghost of maniek23 the Covert, a novice SpAs of Gozag (D:5)
  A human (D:9)
  2 hogs (D:9)
  A hippogriff (D:8)
  A hungry ghost (D:8)
  Edmund (D:5)
  2 black bears
  A phantom (D:6)
  An ice beast (D:7)
  3 sky beasts
  2 ogres
  4 centaurs
  3 giant frogs
  A wyvern zombie (D:6)
  2 scorpions
  A howler monkey (D:5)
  4 crimson imps
  2 orc priests
  3 centaur zombies
  2 hounds
  5 jellies (D:6)
  A centaur skeleton (D:8)
  7 orc wizards
  2 giant frog skeletons
  An iguana (D:8)
  4 worker ants
  2 sheep (D:9)
  A hound zombie (D:7)
  A hound skeleton (D:6)
  A howler monkey zombie (D:6)
  8 gnolls
  10 adders
  A shadow imp (D:5)
  12 oozes (D:6)
  3 adder skeletons
  2 worms
  3 giant geckos
  18 orcs
  10 bats
  6 giant cockroaches
  4 goblins
  8 hobgoblins
  4 jackals (D:5)
  7 kobolds
  4 quokkas
  A ball python (D:2)
  9 giant newts
  A jackal skeleton (D:6)
  A quokka zombie (D:8)
  5 rats
  A spectral orc (D:8)
181 creatures vanquished.

Vanquished Creatures (others)
  8 fungi (D:6)
8 creatures vanquished.

Grand Total: 189 creatures vanquished

Notes
Turn   | Place    | Note
--------------------------------------------------------------
     0 | D:1      | theElss the High Elf Conjurer began the quest for the Orb.
     0 | D:1      | Reached XP level 1. HP: 11/11 MP: 4/4
   475 | D:1      | Reached XP level 2. HP: 18/18 MP: 4/6
  1268 | D:1      | Learned a level 2 spell: Searing Ray
  1380 | D:2      | Reached skill level 1 in Fighting
  1380 | D:2      | Reached XP level 3. HP: 23/23 MP: 3/8
  1906 | D:2      | Found a snail-covered altar of Cheibriados.
  2269 | D:2      | Reached XP level 4. HP: 28/28 MP: 3/10
  2361 | D:2      | Learned a level 4 spell: Iskenderun's Mystic Blast
  2369 | D:2      | Reached skill level 5 in Conjurations
  2481 | D:3      | Found an opulent altar of Gozag.
  2727 | D:3      | Found a shadowy altar of Dithmenos.
  2812 | D:3      | Noticed a centaur
  2820 | D:3      | Killed a centaur
  2820 | D:3      | Reached XP level 5. HP: 33/33 MP: 3/13
  3438 | D:3      | Learned a level 5 spell: Iskenderun's Battlesphere
  3439 | D:4      | Noticed atarun's ghost (amateur MiFi)
  3607 | D:4      | Reached skill level 5 in Spellcasting
  3882 | D:4      | Found a staircase to the Ecumenical Temple.
  3893 | Temple   | Entered the Ecumenical Temple
  4185 | D:4      | Found a burning altar of Makhleb.
  4226 | D:4      | Reached skill level 1 in Shields
  4226 | D:4      | Reached XP level 6. HP: 39/39 MP: 3/15
  4499 | D:4      | Found a deep blue altar of Sif Muna.
  4500 | D:4      | Found an ancient bone altar of Kikubaaqudgha.
  4501 | D:4      | Found a radiant altar of Vehumet.
  4506 | D:4      | Identified Sif Muna's Collected Works on Talismans
  4514 | D:4      | Became a worshipper of Vehumet
  4620 | D:5      | Entered Level 5 of the Dungeon
  4706 | D:5      | Noticed maniek23's ghost (novice SpAs)
  5037 | D:6      | Noticed a sky beast
  5057 | D:6      | Killed a sky beast
  5057 | D:6      | Reached XP level 7. HP: 45/45 MP: 8/16
  6191 | D:6      | Reached XP level 8. HP: 52/52 MP: 9/18
  6264 | D:6      | Found a shattered altar of Ashenzari.
  6265 | D:6      | Found a glowing silver altar of Zin.
  6287 | D:6      | Noticed a slime creature
  6333 | D:6      | Reached * piety under Vehumet
  6333 | D:6      | Offered knowledge of Shock by Vehumet.
  7312 | D:5      | Noticed Sigmund
  7898 | D:7      | Reached ** piety under Vehumet
  7898 | D:7      | Offered knowledge of Sting by Vehumet.
  7951 | D:7      | Found a sparkling altar of Nemelex Xobeh.
  8307 | D:7      | Reached XP level 9. HP: 59/59 MP: 15/22
  8728 | D:5      | Killed maniek23's ghost
  8847 | D:5      | Reached skill level 5 in Fighting
  8957 | D:5      | Noticed Edmund
  8967 | D:5      | Killed Edmund
  9480 | D:6      | Reached skill level 5 in Dodging
  9585 | D:8      | Found Tukaifuu's Antique Weapon Shop.
  9774 | D:8      | Found an iron altar of Okawaru.
 10040 | D:8      | Offered knowledge of Throw Flame by Vehumet.
 10069 | D:8      | Learned a level 2 spell: Throw Flame
 10595 | D:8      | Found a basalt altar of Yredelemnul.
 10794 | D:9      | Reached skill level 1 in Fire Magic
 10987 | D:9      | Noticed Gastronok
 10990 | D:9      | Noticed maniek23's ghost (novice SpAs)
 11305 | D:9      | Reached *** piety under Vehumet
 11305 | D:9      | Reached XP level 10. HP: 55/66 MP: 17/24
 11385 | D:9      | Found a sacrificial altar of Ru.
 11401 | D:9      | Demolished by Gastronok

Skill      XL: |  1  2  3  4  5  6  7  8  9 |
---------------+----------------------------+-----
Fighting       | 1 2 3 4 5 |  5.5
Spellcasting   | 3 4 5 6 8 9 |  9.7
Conjurations   | 5 6 7 9 |  9.1
Shields        | 1 4 |  4.1
Dodging        | 3 4 5 |  5.4
Fire Magic     | 1 |  1.7
Stealth        | |  2.1

Action                   |  1- 3 |  4- 6 |  7- 9 | 10-12 || total
-------------------------+-------+-------+-------+-------++-------
Melee: Short sword       |     2 |       |       |       ||     2
       Mace              |       |    11 |     1 |       ||    12
 Cast: Magic Dart        |    69 |    59 |   221 |     3 ||   352
       Searing Ray       |     4 |    16 |    48 |     1 ||    69
       Iskenderun's Myst |       |     3 |    39 |     2 ||    44
       Iskenderun's Batt |       |       |     2 |       ||     2
  Use: Scroll            |       |       |    11 |       ||    11
  Eat: Chunk             |     4 |     9 |    29 |     1 ||    43
       Royal jelly       |       |       |     1 |       ||     1
Armor: Robe              |     1 |    12 |    23 |       ||    36
Dodge: Dodged            |     5 |    27 |    45 |     1 ||    78
Block: Buckler           |       |     9 |    19 |       ||    28
